Map: 어센션 투 아이어 - 래더

Players

herO - Winner!

  • Race: Protoss Protoss
  • League: Grandmaster
  • Spawn Location: 11:00

GuMiho

  • Race: Terran Terran
  • League: Grandmaster
  • Spawn Location: 5:00

VOD

Have the link to the VOD?

Description

Time

  • Played on: May 23, 2017, 9:25 a.m.
  • Length: 6:08
Show
View Real Time Build Order
Export as new Build Order

herO Protoss - Winner!

Build Orders: 1 Gate Expand 

Get SALT Encoding   

  12  0:01  Probe (Chrono Boost)  
  13  0:11  Probe (Chrono Boost)  
  14  0:17  Pylon  
  14  0:22  Probe (Chrono Boost)  
  15  0:36  Probe (Chrono Boost), Gateway  
  15  0:42  Assimilator  
  16  0:46  Probe (Chrono Boost)  
  18  0:57  Probe (Chrono Boost)  
  18  1:07  Probe (Chrono Boost)  
  19  1:17  Nexus  
  19  1:28  Cybernetics Core  
  19  1:31  Probe (Chrono Boost)  
  20  1:36  Assimilator  
  20  1:41  Probe (Chrono Boost)  
  20  1:45  Pylon  
  21  1:52  Probe (Chrono Boost)  
  22  1:59  Warp Gate  
  22  2:01  Adept  
  22  2:04  Probe (Chrono Boost)  
  26  2:16  Probe (Chrono Boost)  
  26  2:27  Probe (Chrono Boost)  
  26  2:28  Adept  
  29  2:31  Twilight Council, Probe (Chrono Boost)  
  30  2:37  Probe (Chrono Boost)  
  30  2:42  Probe (Chrono Boost)  
  31  2:50  Probe (Chrono Boost)  
  32  2:52  Probe (Chrono Boost)  
  32  2:55  Robotics Facility  
  32  2:57  Charge  
  33  3:00  Probe (Chrono Boost)  
  33  3:03  Probe (Chrono Boost)  
  35  3:14  Gateway  
  35  3:17  Gateway  
  35  3:24  Gateway  
  35  3:30  Gateway  
  36  3:35  Probe (Chrono Boost)  
  36  3:39  Mothership Core (Chrono Boost), Warp Prism  
  38  3:48  Probe (Chrono Boost)  
  41  3:50  Pylon  
  41  3:56  Pylon  
  41  3:58  Probe (Chrono Boost)  
  41  4:01  Zealot  
  44  4:09  Zealot  
  46  4:11  Zealot  
  46  4:12  Observer  
  49  4:33  Zealot x5  
  54  4:43  Mothership Core (Chrono Boost)  
  54  4:53  Stalker  
  54  4:57  Pylon  
  45  5:13  Zealot x3  
  41  5:37  Zealot x3  
  41  5:38  Zealot  
  43  5:55  Stalker  
  41  5:57  Stalker  
Show
View Real Time Build Order
Export as new Build Order

GuMiho Terran 

Build Orders: Reaper Expand 

Get SALT Encoding   

  12  0:00  SCV  
  13  0:12  SCV  
  14  0:17  Supply Depot  
  14  0:24  SCV  
  15  0:28  Refinery  
  15  0:39  SCV  
  16  0:45  Barracks  
  16  0:51  SCV  
  17  1:03  SCV  
  18  1:15  SCV  
  19  1:31  Orbital Command  
  19  1:32  Reaper  
  20  1:43  Command Center  
  20  1:54  Factory  
  20  1:57  SCV  
  21  2:04  Refinery  
  21  2:05  Barracks Reactor  
  21  2:09  SCV  
  21  2:14  Supply Depot  
  22  2:21  SCV  
  23  2:36  SCV  
  24  2:39  Starport  
  24  2:40  Widow Mine  
  24  2:42  Marine x2  
  28  2:48  SCV  
  29  2:55  Orbital Command  
  29  3:00  SCV  
  29  3:01  Marine  
  29  3:03  Marine  
  32  3:09  Widow Mine  
  34  3:14  SCV  
  34  3:16  Medivac  
  37  3:23  Supply Depot  
  37  3:24  Marine  
  37  3:25  Marine  
  39  3:27  SCV  
  39  3:30  SCV  
  41  3:39  Factory Tech Lab  
  41  3:40  SCV  
  42  3:41  Marine  
  42  3:42  SCV  
  42  3:43  Marine  
  45  3:52  SCV  
  45  3:53  Barracks  
  45  3:54  SCV  
  47  4:00  Siege Tank  
  52  4:04  SCV  
  52  4:07  Barracks  
  52  4:09  SCV  
  54  4:13  Supply Depot  
  52  4:18  Supply Depot, SCV  
  52  4:21  SCV  
  54  4:28  Bunker  
  53  4:35  Siege Tank  
  53  4:38  Marine x2  
  56  4:39  SCV x2  
  56  4:41  Barracks Tech Lab  
  60  4:46  Viking  
  60  4:51  SCV x2  
  63  4:54  Supply Depot  
  63  4:56  Marine x2  
  65  5:03  SCV x2, Marine x2  
  64  5:14  Marine x2  
  54  5:15  SCV  
  54  5:16  SCV  
  45  5:21  Marine x2  
  39  5:31  Marine  
  39  5:32  Marine  
  32  5:39  SCV, Marine x2  
  28  5:49  Marine x2  
Tags
 
Add a new tag
Caveats
  • Supply blocks, unpowered buildings, or Contaminate may cause inaccurate times.
  • Supply counts are checked every 10 seconds.